 Dungeon Crawl Stone Soup version 0.28-a0-1520-gc3277d3759 (webtiles) character file.

Game seed: 119931032973263512

2361 esteth the Fighter (level 9, -2/85 HPs)
             Began as a Hill Orc Gladiator on Jan 17, 2022.
             Was a Follower of Qazlal.
             Slain by a vampire mosquito (10 damage)
             ... on level 7 of the Dungeon.
             The game lasted 00:10:55 (6285 turns).

esteth the Fighter (Hill Orc Gladiator)             Turns: 6285, Time: 00:10:55

Health: -2/85      AC: 11    Str: 17    XL:     9   Next: 44%
Magic:  9/9        EV: 12    Int: 12    God:    Qazlal [*.....]
Gold:   328        SH:  0    Dex: 12    Spells: 7/8 levels left

rFire   . . .      SeeInvis .   h - +8 mace of Discord {drain, rElec}
rCold   . . .      Faith    .   (no shield)
rNeg    . . .      Spirit   .   D - +0 steam dragon scales
rPois   .          Reflect  .   c - +0 helmet
rElec   +          Harm     .   (no cloak)
rCorr   .          Rampage  .   (no gloves)
Will    .....                   (no boots)
Stlth   +.........              (no amulet)
HPRegen 0.24/turn               j - +4 ring of protection
MPRegen 0.11/turn               m - +4 ring of slaying

@: confused, ambrosia-drunk
A: no striking features
a: Renounce Religion


You were on level 7 of the Dungeon.
You worshipped Qazlal.
Qazlal was aware of your devotion.
You visited 2 branches of the dungeon, and saw 8 of its levels.

You collected 328 gold pieces.

Inventory:

Hand Weapons
 a - a +0 war axe
 h - the +8 mace of Discord (weapon) {drain, rElec}
   (You found it on level 3 of the Dungeon)

   A truly terrible weapon, it drains the life of any living foe it strikes.
   rElec:     It insulates you from electricity.
Missiles
 d - 3 throwing nets (quivered)
Armour
 c - a +0 helmet (worn)
 u - a +1 leather armour of cold resistance
 D - +0 steam dragon scales (worn)
Jewellery
 j - a +4 ring of protection (left hand)
 m - a +4 ring of slaying (right hand)
 w - a ring of flight
 B - a ring of poison resistance
Wands
 t - a wand of paralysis (3)
 A - a wand of iceblast (8)
Scrolls
 e - a scroll of magic mapping {unknown}
 f - 8 scrolls of identify
 g - a scroll of fear {unknown}
 l - a scroll of enchant weapon {unknown}
 n - a scroll of teleportation
 p - 3 scrolls of amnesia
 r - a scroll of holy word {unknown}
 s - 2 scrolls of vulnerability {unknown}
 x - a scroll of silence {unknown}
 y - a scroll of blinking {unknown}
 z - 3 scrolls of torment
Potions
 i - 3 potions of attraction {unknown}
 k - 2 potions of flight
 o - 2 potions of haste {unknown}
 q - a potion of resistance {unknown}
 v - a potion of ambrosia
 C - a potion of berserk rage {unknown}


   Skills:
 + Level 10.2 Fighting
 - Level 7.1 Axes
 - Level 1.7 Throwing
 - Level 4.0 Armour
 - Level 2.4 Dodging
 + Level 6.2 Poison Magic


You had 7 spell levels left.
You knew the following spells:

 Your Spells              Type           Power      Damage    Failure   Level
a - Sting                 Tmut/Pois      28%        1d4       10%         1

Your spell library contained the following spells:

 Spells                   Type           Power      Damage    Failure   Level
 Poisonous Vapours        Pois/Air       14%        N/A       14%         2
 Olgreb's Toxic Radiance  Pois           14%        N/A       26%         4
 Spider Form              Tmut/Pois      7%         N/A       28%         3
 Animate Skeleton         Necr           0%         N/A       32%         1
 Apportation              Tloc           0%         N/A       32%         1
 Beastly Appendage        Tmut           0%         N/A       32%         1
 Slow                     Hex            0%         N/A       32%         1
 Summon Small Mammal      Summ           0%         N/A       32%         1
 Wereblood                Tmut           0%         N/A       45%         2
 Confusing Touch          Hex            0%         N/A       69%         3
 Vampiric Draining        Necr           0%         2d6       69%         3


Dungeon Overview and Level Annotations

Branches:
Dungeon (7/15)             Temple (1/1) D:6

Altars:
Ashenzari
Cheibriados
Dithmenos
Elyvilon
Fedhas
Gozag
Hepliaklqana
Kikubaaqudgha
Makhleb
Okawaru
Qazlal
Ru
Sif Muna
Trog
Vehumet
Wu Jian
Xom
Yredelemnul
Zin
The Shining One

Shops:
D:2 [   D:3 (

Annotations:
D:3 1 runed translucent door, Crazy Yiuf


Message History

You feel invigorated.
The vampire mosquito bites you but does no damage. x2
The vampire mosquito closely misses you.
The vampire mosquito barely misses you.
The vampire mosquito bites you but does no damage.
The vampire mosquito closely misses you.
You thump the vampire mosquito!
The vampire mosquito is severely damaged.
The vampire mosquito barely misses you.
The vampire mosquito closely misses you.
The vampire mosquito bites you.
* * * LOW HITPOINT WARNING * * *
The vampire mosquito draws strength from your injuries!
The vampire mosquito closely misses you. x3
The vampire mosquito misses you. The vampire mosquito bites you.
* * * LOW HITPOINT WARNING * * *
The vampire mosquito draws strength from your injuries!
You sock the vampire mosquito!
You destroy the vampire mosquito!
Qazlal accepts your kill. The vampire mosquito misses you.
The vampire mosquito bites you.
* * * LOW HITPOINT WARNING * * *
The vampire mosquito draws strength from your injuries!
The vampire mosquito bites you.
* * * LOW HITPOINT WARNING * * *
The vampire mosquito draws strength from your injuries!
The vampire mosquito bites you.
* * * LOW HITPOINT WARNING * * *
The vampire mosquito draws strength from your injuries!
The vampire mosquito closely misses you.
You barely miss the vampire mosquito.
The vampire mosquito bites you but does no damage. x2
The vampire mosquito bites you.
* * * LOW HITPOINT WARNING * * *
The vampire mosquito draws strength from your injuries!
The vampire mosquito bites you.
* * * LOW HITPOINT WARNING * * *
The vampire mosquito draws strength from your injuries!
The vampire mosquito bites you!
You die...

## ## # #.# .#
#.#######.# ##.
# #....##.#
##.##.#
#.###..#.#
#.@..# #.#
#.###.@ #yy###
#.###.# ##.#..##
#..#.## #...
##...).## #....
....#...###.....
..####.y.#..###.
..# ##....# ##
#..# ##y..#


You could see 2 vampire mosquitoes.

Vanquished Creatures
  Maggie (D:7)
  Sigmund (D:3)
  2 vampire mosquitoes (D:7)
  An ogre (D:4)
  An ice beast (D:7)
  A necrophage (D:4)
  A sky beast (D:6)
  The ghost of ThreePoint314 the Digger, an amateur DrEE of Sif Muna (D:3)
  3 centaurs
  A kobold brigand (D:7)
  2 bullfrogs
  A scorpion (D:5)
  A water moccasin zombie (D:6)
  2 hounds
  2 jellies
  A bullfrog zombie (D:6)
  A centaur zombie (D:5)
  A bullfrog skeleton (D:5)
  A gnoll shaman (D:5)
  A centaur skeleton (D:5)
  2 orc priests (D:6)
  Ijyb (D:5)
  4 iguanas
  An orc wizard (D:6)
  A mummy (D:6)
  4 gnolls
  11 adders
  A white imp (D:6)
  An ufetubus (D:5)
  A dart slug (D:1)
  2 orcs
  6 endoplasms
  3 giant cockroaches
  8 goblins
  7 hobgoblins
  A jackal (D:2)
  3 quokkas
  8 ball pythons
  A bat (D:2)
  4 frilled lizards (D:1)
  A hobgoblin zombie (D:6)
  9 kobolds
  A kobold zombie (D:6)
  A quokka zombie (D:3)
  5 rats
113 creatures vanquished.

Notes
Turn   | Place    | Note
-------+----------+-------------------------------------------
     0 | D:1      | esteth the Hill Orc Gladiator began the quest for the Orb.
     0 | D:1      | Reached XP level 1. HP: 18/18 MP: 1/1
   107 | D:1      | Reached XP level 2. HP: 21/25 MP: 2/2
   263 | D:1      | Reached skill level 3 in Fighting
   556 | D:1      | Reached XP level 3. HP: 26/31 MP: 3/3
   880 | D:2      | Found Buno's Antique Armour Emporium.
  1107 | D:2      | Reached skill level 5 in Axes
  1169 | D:2      | Found a faded altar of an unknown god.
  1451 | D:2      | Reached XP level 4. HP: 40/40 MP: 4/4
  1457 | D:2      | Reached skill level 4 in Fighting
  1649 | D:3      | Found a sacrificial altar of Ru.
  1695 | D:3      | You fall into a shaft and drop 3 floors!
  1698 | D:5      | Entered Level 5 of the Dungeon
  1719 | D:3      | Found a runed translucent gate.
  1719 | D:3      | Found a runed translucent gate.
  1719 | D:3      | Found a runed translucent gate.
  1720 | D:3      | Found an opulent altar of Gozag.
  1721 | D:3      | Noticed ThreePoint314's ghost (amateur DrEE)
  1806 | D:3      | Found Vyukock's Antique Weapon Shop.
  1810 | D:3      | Noticed Sigmund
  1839 | D:3      | Killed Sigmund
  1840 | D:3      | Reached skill level 5 in Fighting
  1840 | D:3      | Reached XP level 5. HP: 20/48 MP: 5/5
  2073 | D:3      | Reached XP level 6. HP: 56/56 MP: 6/6
  2125 | D:3      | Found the +6 shillelagh "Devastator" {shatter}
  2130 | D:3      | Found a runed translucent door.
  2133 | D:3      | Noticed Crazy Yiuf
  2140 | D:3      | Identified the +1 mace of the Known World {freeze, Will+
                  | Dex+2}
  2143 | D:3      | Identified the +8 mace of Discord {drain, rElec}
  2324 | D:3      | Killed ThreePoint314's ghost
  2491 | D:4      | Learned a level 1 spell: Sting
  2647 | D:4      | Reached skill level 6 in Fighting
  2793 | D:4      | Noticed a necrophage
  2797 | D:4      | Reached skill level 1 in Armour
  2799 | D:4      | Reached skill level 1 in Poison Magic
  2799 | D:4      | Reached XP level 7. HP: 63/63 MP: 7/7
  3372 | D:5      | Reached skill level 7 in Fighting
  3508 | D:5      | Noticed Ijyb
  3510 | D:5      | Paralysed by Ijyb for 6 turns
  3518 | D:5      | Killed Ijyb
  3575 | D:5      | Reached XP level 8. HP: 72/73 MP: 8/8
  4226 | D:6      | Found a staircase to the Ecumenical Temple.
  4241 | Temple   | Entered the Ecumenical Temple
  4339 | Temple   | Became a worshipper of Qazlal Stormbringer
  4520 | D:6      | Found a shimmering blue altar of Sif Muna.
  4678 | D:6      | Reached skill level 8 in Fighting
  5133 | D:6      | Reached skill level 9 in Fighting
  5635 | D:7      | Reached skill level 5 in Poison Magic
  5635 | D:7      | Reached XP level 9. HP: 78/83 MP: 9/9
  5643 | D:7      | Reached * piety under Qazlal
  6124 | D:7      | Noticed Maggie
  6139 | D:7      | Killed Maggie
  6270 | D:7      | Reached skill level 10 in Fighting
  6285 | D:7      | Slain by a vampire mosquito

Illustrated notes

Levels and vault maps discovered:
D:1:      nicolae_arrival_somewhat_less_tricky_arrival, layout_rooms,
          minmay_pentomino_u2
D:2:      layout_loops_cross, serial_shops, shop, ebering_ecumenical_altar_mist,
          st_stairs_5
D:3:      layout_rooms, lemuel_crystal_altar, ebering_ghost_gozag, serial_shops,
          nicolae_shop_advertising_works [nicolae_subvault_shop_adworks],
          uniq_crazy_yiuf_cottage, uniq_sigmund
D:4:      minmay_general_purpose_star, layout_basic
D:5:      layout_cave_pods, amcnicky_mini_pool_small, glass_columns_a, uniq_ijyb
D:6:      layout_loops_ring, nicolae_sif_muna_condensation,
          minmay_temple_entry_purple_smoke, nicolae_ossuary_entry_giza,
          hangedman_decor_clover_reticule, grunt_ministairs_8, ldierk_geyser
D:7:      layout_layer_cave, uniq_maggie
Temple:   compressed_dpeg_circular_temple

Skill      XL: |  1  2  3  4  5  6  7  8  9 |
---------------+----------------------------+-----
Fighting       | 3 5 6 7 9 10 | 10.2
Axes           | 5 6 7 |  7.1
Armour         | 1 3 4 |  4.0
Poison Magic   | 1 2 5 6 |  6.2
Throwing       | |  1.7
Dodging        | |  2.4

Action                   |  1- 3 |  4- 6 |  7- 9 || total
-------------------------+-------+-------+-------++-------
Melee: War axe           |    76 |    39 |       ||   115
       Punch             |       |     1 |     2 ||     3
       Mace              |       |    32 |   135 ||   167
  Use: Potion            |       |     4 |     3 ||     7
       Scroll            |       |       |     4 ||     4
Armor: Leather armour    |    21 |    52 |    77 ||   150
       Steam dragon scal |       |       |    22 ||    22
Dodge: Dodged            |    47 |    35 |   132 ||   214
Block: Other             |       |       |     3 ||     3

Table legend: (Time is in decaauts)
 A = Elapsed time spent in this place.
 B = Non-inter-level travel time spent in this place.
 C = Inter-level travel time spent in this place.
 D = Time resting spent in this place.
 E = Time spent auto-exploring this place.
 F = Levels seen in this place.
 G = Mean time per level.
                   A        B        C        D        E       F      G
               +--------+--------+--------+--------+--------+-----+--------+
         Total |   6353 |   6189 |    164 |   1016 |   4339 |   8 |  794.1 |
       Dungeon |   6221 |   6095 |    126 |   1016 |   4265 |   7 |  888.7 |
        Temple |    131 |     93 |     38 |      0 |     74 |   1 |  131.0 |
               +--------+--------+--------+--------+--------+-----+--------+

Top non-repeatable levels by time:
     D:6: 1267 daAuts
     D:5: 967 daAuts
     D:1: 894 daAuts
     D:4: 834 daAuts
     D:3: 792 daAuts
     D:2: 745 daAuts
     D:7: 720 daAuts
  Temple: 131 daAuts
